[Event "ICC tourney 2022 (75 10)"]
[Site "Internet Chess Club"]
[Date "2020.09.27"]
[Round "5"]
[White "FL2009"]
[Black "ramennoodle"]
[Result "1/2-1/2"]
[ICCResult "White stalemated"]
[WhiteElo "1801"]
[BlackElo "1909"]
[Opening "King's pawn opening"]
[ECO "B07"]
[NIC "VO.17"]
[Time "16:34:00"]
[TimeControl "4500+10"]

1. e4 d6 2. Nf3 Nf6 3. Nc3 c5 4. Bb5+ Bd7 5. Bxd7+ Qxd7 6. O-O Nc6 7. Re1 e5
8. Nd5 Be7 9. Nxe7 Nxe7 10. c3 Ng6 11. d4 Qe7 12. b3 h5 13. Qe2 a6 14. a4 h4
15. h3 Nh5 16. dxe5 dxe5 17. Nh2 Ngf4 18. Bxf4 Nxf4 19. Qf3 Rd8 20. Rad1 O-O
21. Nf1 b5 22. axb5 axb5 23. Ne3 Qg5 24. Nd5 Rfe8 25. Kh2 c4 26. bxc4 bxc4
27. Ne3 Rd3 28. Rxd3 cxd3 29. Rd1 Rd8 30. Nd5 Nxd5 31. exd5 e4 32. Qxe4 Qxd5
33. Qxd5 Rxd5 34. Rd2 Kf8 35. g4 Ke7 36. c4 Rd4 37. Kg2 Kd6 38. Kf3 Kc5 39.
Ke3 Kxc4 40. Ra2 Rd6 41. Kd2 Rf6 42. Ra4+ Kb5 43. Re4 Rxf2+ 44. Kxd3 Rf3+
45. Re3 Rxe3+ 46. Kxe3 Kc4 47. Kf4 Kd4 48. Kg5 Ke4 49. Kxh4 Kf4 50. g5 Kf5
51. Kh5 Kf4 52. Kh4 Kf3 53. g6 f6 54. Kh5 Kf4 55. h4 Kf5 {White stalemated}
1/2-1/2

[Event "ICC tourney 2022 (75 10)"]
[Site "Internet Chess Club"]
[Date "2020.09.27"]
[Round "6"]
[White "imranchamp"]
[Black "kapilank"]
[Result "0-1"]
[ICCResult "White checkmated"]
[WhiteElo "1808"]
[BlackElo "1919"]
[Opening "Sicilian: closed"]
[ECO "B23"]
[NIC "SI.44"]
[Time "20:04:44"]
[TimeControl "4500+10"]

1. e4 c5 2. Nc3 d6 3. f4 Nc6 4. Nf3 g6 5. Bc4 Bg7 6. O-O Nf6 7. d3 O-O 8. f5
gxf5 9. Qe1 fxe4 10. dxe4 Be6 11. Bxe6 fxe6 12. Qh4 Qe8 13. Ng5 Qh5 14. Qxh5
Nxh5 15. Be3 Nd4 16. Rac1 Rxf1+ 17. Kxf1 Rf8+ 18. Kg1 b5 19. a3 b4 20. axb4
cxb4 21. Rd1 bxc3 22. Bxd4 Bxd4+ 23. Rxd4 Nf4 24. Rd1 Ne2+ 25. Kh1 cxb2 26.
Nxe6 Rb8 27. Rb1 Nc3 28. Rxb2 Rxb2 29. h3 Nxe4 30. Nf4 a5 31. Nd5 a4 32.
Nxe7+ Kf7 33. Nd5 a3 34. Nc3 Nxc3 35. g4 a2 36. g5 Rxc2 37. g6+ hxg6 38. h4
a1=Q# {White checkmated} 0-1

[Event "ICC tourney 2022 (75 10)"]
[Site "Internet Chess Club"]
[Date "2020.09.27"]
[Round "6"]
[White "chessmaster0981"]
[Black "TheDude865"]
[Result "0-1"]
[ICCResult "White resigns"]
[WhiteElo "1600"]
[BlackElo "1270"]
[Opening "Grünfeld: modern exchange variation"]
[ECO "D90"]
[NIC "GI.07"]
[Time "20:04:37"]
[TimeControl "4500+10"]

1. d4 Nf6 2. Nf3 g6 3. c4 Bg7 4. Nc3 d5 5. cxd5 Nxd5 6. e4 Nxc3 7. bxc3 c5
8. Be3 b6 9. Bb5+ Bd7 10. Bc4 Bc6 11. e5 O-O 12. e6 f5 13. Bg5 h6 14. Bd2
cxd4 15. cxd4 b5 16. Bb3 a5 17. a4 bxa4 18. Bxa4 Be4 19. Be3 f4 20. Bc1 Qd5
21. Bb3 Qf5 22. Ba3 Nc6 23. Rc1 Bxf3 24. gxf3 Nxd4 25. Ba2 Bf6 26. Bxe7 Qe5+
27. Kf1 Bxe7 28. Qd3 Nf5 29. Rg1 Kh7 30. Re1 Qd6 31. Qc2 Rfc8 32. Qe2 Qa6
33. Qxa6 Rxa6 34. Rd1 Rc2 35. Bb1 Rb2 36. Bxf5 gxf5 37. Rd7 Rxe6 38. Kg2
Rg6+ {White resigns} 0-1

[Event "ICC tourney 2022 (75 10)"]
[Site "Internet Chess Club"]
[Date "2020.09.27"]
[Round "6"]
[White "AHSRULES"]
[Black "Singireddy"]
[Result "1/2-1/2"]
[ICCResult "Game drawn by mutual agreement"]
[WhiteElo "1830"]
[BlackElo "1859"]
[Opening "Ruy Lopez: 5.O-O"]
[ECO "C78"]
[NIC "RL.12"]
[Time "20:04:43"]
[TimeControl "4500+10"]

1. e4 e5 2. Nf3 Nc6 3. Bb5 a6 4. Ba4 Nf6 5. O-O b5 6. Bb3 Be7 7. d4 d6 8.
dxe5 dxe5 9. Qxd8+ Bxd8 10. a4 Bb7 11. Re1 Be7 12. axb5 axb5 13. Rxa8+ Bxa8
14. Nc3 Bb4 15. Bd2 Bxc3 16. Bxc3 Nd7 17. Bd5 f6 18. Ra1 Bb7 19. Nd2 Nb6 20.
Bxc6+ Bxc6 21. Ra7 Kd7 22. Ba5 Kc8 23. f3 Bb7 24. Bxb6 cxb6 25. Kf2 Kb8 26.
Ra1 Rc8 27. c3 Kc7 28. Ke2 g6 29. Nb1 f5 30. Ke3 Bc6 31. g3 Rf8 32. Nd2 f4+
33. gxf4 Rxf4 34. Rh1 g5 35. Rg1 h6 36. Nb3 Kd6 37. Nc1 Rh4 38. Rg2 Ke6 39.
Nd3 Be8 40. Nf2 Ke7 41. b4 Bf7 42. Ng4 Ke6 43. Kf2 Rh3 44. Rg3 Rh4 45. Kg1
Kd6 46. Rg2 Ke6 47. Kf2 Rh3 48. Rg3 Rh4 49. Kg2 Kd6 50. h3 Bc4 51. Kh2 Be6
52. Ne3 Rf4 {Game drawn by mutual agreement} 1/2-1/2

[Event "ICC tourney 2022 (75 10)"]
[Site "Internet Chess Club"]
[Date "2020.09.27"]
[Round "6"]
[White "python0812"]
[Black "mexicoreal"]
[Result "0-1"]
[ICCResult "White resigns"]
[WhiteElo "2033"]
[BlackElo "2052"]
[Opening "Ruy Lopez: Marshall counter-attack, 11...c6"]
[ECO "C89"]
[NIC "RL.17"]
[Time "20:04:38"]
[TimeControl "4500+10"]

1. e4 e5 2. Nf3 Nc6 3. Bb5 a6 4. Ba4 Nf6 5. O-O b5 6. Bb3 Be7 7. Re1 O-O 8.
c3 d5 9. exd5 Nxd5 10. Nxe5 Nxe5 11. Rxe5 c6 12. Bxd5 cxd5 13. Qf3 Bd6 14.
Re1 Re8 15. Rxe8+ Qxe8 16. Qe3 Bf5 17. d4 Bf4 18. Qxe8+ Rxe8 19. Be3 f6 20.
Nd2 Rxe3 21. fxe3 Bxe3+ 22. Kf1 Bxd2 23. Ke2 Bf4 24. Rf1 Bg4+ 25. Kf2 Kf7
26. Re1 Bf5 27. Kf3 Bxh2 28. g3 Be4+ 29. Kg4 h5+ 30. Kh3 Bxg3 31. Kxg3 g5
32. b3 h4+ 33. Kg4 Kg6 34. c4 f5+ 35. Kh3 bxc4 36. bxc4 dxc4 37. Rc1 Bd5 38.
Rb1 Kh5 39. Rb8 g4+ 40. Kh2 g3+ 41. Kh3 f4 42. Rh8+ Kg5 43. Re8 f3 44. Re5+
Kf6 45. Rxd5 f2 46. Kg2 h3+ 47. Kf1 h2 48. Rh5 c3 49. Kg2 c2 50. Rc5 f1=Q+
51. Kxf1 h1=Q+ {White resigns} 0-1

[Event "ICC tourney 2022 (75 10)"]
[Site "Internet Chess Club"]
[Date "2020.09.27"]
[Round "6"]
[White "KittiesRock18"]
[Black "Yucheng"]
[Result "1-0"]
[ICCResult "Black resigns"]
[WhiteElo "1394"]
[BlackElo "1845"]
[Opening "Scotch game"]
[ECO "C45"]
[NIC "SO.05"]
[Time "20:04:45"]
[TimeControl "4500+10"]

1. e4 e5 2. Nf3 Nc6 3. d4 exd4 4. Nxd4 Bc5 5. Nxc6 Qf6 6. Qf3 dxc6 7. Nc3
Be6 8. Bf4 Bd6 9. Bxd6 Qxf3 10. gxf3 cxd6 11. f4 f5 12. Bh3 Ne7 13. O-O-O
O-O-O 14. f3 Rhf8 15. Kd2 d5 16. Kc1 Ng6 17. Ne2 c5 18. Rhg1 d4 19. Rg5 Bc4
20. exf5 Bxe2 21. fxg6+ Kb8 22. Re1 h6 23. Rxc5 Bxf3 24. f5 Rfe8 25. Rce5
Rxe5 26. Rxe5 Kc7 27. Re7+ Rd7 28. Rxd7+ Kxd7 29. f6+ Ke8 30. fxg7 Bd5 31.
Bg2 Be6 32. Bxb7 Ke7 33. Bc6 Kf6 34. Be4 Kxg7 35. a4 {Black resigns} 1-0

[Event "ICC tourney 2022 (75 10)"]
[Site "Internet Chess Club"]
[Date "2020.09.27"]
[Round "6"]
[White "chesslin"]
[Black "saanvichess"]
[Result "1-0"]
[ICCResult "Black resigns"]
[WhiteElo "1954"]
[BlackElo "1644"]
[Opening "Queen's pawn, Mason variation"]
[ECO "D00"]
[NIC "QP.08"]
[Time "20:04:41"]
[TimeControl "4500+10"]

1. d4 d5 2. Bf4 e6 3. Nd2 Nf6 4. e3 c5 5. c3 Nc6 6. Ngf3 Bd6 7. Bg3 O-O 8.
Bd3 h6 9. Ne5 Qc7 10. f4 Nd7 11. O-O Nb6 12. Qh5 Ne7 13. Rf3 c4 14. Bc2 Bd7
15. Bh4 Ba4 16. Bb1 Bxe5 17. fxe5 a5 18. Rg3 Ng6 19. Rxg6 fxg6 20. Qxg6 Rf5
21. Qxe6+ Rf7 22. Bg6 Rf8 23. Bxf7+ Rxf7 24. Rf1 Be8 25. Qxe8+ {Black
resigns} 1-0

[Event "ICC tourney 2022 (75 10)"]
[Site "Internet Chess Club"]
[Date "2020.09.27"]
[Round "6"]
[White "wahoo"]
[Black "pangpangba"]
[Result "1-0"]
[ICCResult "Black resigns"]
[WhiteElo "1783"]
[BlackElo "1640"]
[Opening "Sicilian"]
[ECO "B56"]
[NIC "SI.25"]
[Time "20:04:48"]
[TimeControl "4500+10"]

1. e4 c5 2. Nf3 d6 3. d4 cxd4 4. Nxd4 Nf6 5. Nc3 Nc6 6. Be3 Ng4 7. Bg5 h6 8.
Bh4 g5 9. Bg3 Bg7 10. Nf5 Bxf5 11. exf5 Nf6 12. f4 Qa5 13. Qd2 Qxf5 14.
O-O-O Ne4 15. Nxe4 Qxe4 16. Bd3 Qd4 17. c3 Qb6 18. fxg5 hxg5 19. Rhe1 O-O-O
20. h3 Bh6 21. Kb1 g4 22. Qe2 gxh3 23. gxh3 Bg7 24. Qg4+ Kb8 25. Qxg7 Rdg8
26. Bxd6+ exd6 27. Qxf7 Ne5 28. Qd5 Rd8 29. Bc2 Qc7 30. h4 Qc6 31. Re2 Qxd5
32. Rxd5 Kc7 33. Rd4 Rde8 34. h5 Rxh5 35. Bg6 Rh1+ 36. Kc2 Rf8 37. Be4 Rhf1
38. Bg2 R1f2 39. Rdd2 R2f7 40. Bd5 Rf4 41. Rh2 Nd7 42. Rh7 Rf2 43. Rxf2
Rxf2+ 44. Kb3 Rf8 45. Be6 Rd8 46. Kc4 Kc6 47. Bxd7+ Rxd7 48. Rxd7 Kxd7 49.
Kd5 Kc7 50. a4 a5 51. b3 Kd7 52. b4 Kc7 53. b5 Kd7 54. c4 Ke7 55. c5 dxc5
56. Kxc5 Kd7 57. Kb6 Kc8 58. Kxa5 Kc7 59. Kb4 b6 60. Kc4 Kd6 61. Kb3 Kc5 62.
Kc3 Kd5 63. Kb4 Kd6 64. Kc4 Kc7 65. Kb4 Kd6 66. a5 bxa5+ 67. Kxa5 Kc7 68.
Ka6 Kb8 69. Kb6 Ka8 70. Kc7 {Black resigns} 1-0

[Event "ICC tourney 2022 (75 10)"]
[Site "Internet Chess Club"]
[Date "2020.09.27"]
[Round "6"]
[White "orwind"]
[Black "andrewjiang2"]
[Result "0-1"]
[ICCResult "White checkmated"]
[WhiteElo "1299"]
[BlackElo "2009"]
[Opening "Ruy Lopez: exchange, Gligoric variation"]
[ECO "C69"]
[NIC "RL.08"]
[Time "20:04:49"]
[TimeControl "4500+10"]

1. e4 e5 2. Nf3 Nc6 3. Bb5 a6 4. Bxc6 dxc6 5. O-O f6 6. d4 exd4 7. Qxd4 Qxd4
8. Nxd4 Bd6 9. Nc3 Ne7 10. Be3 c5 11. Nde2 b5 12. Rad1 Bb7 13. f3 O-O 14.
Nf4 Rfe8 15. Ncd5 Nxd5 16. Nxd5 f5 17. Kh1 fxe4 18. Bxc5 Bxc5 19. Nxc7 e3
20. Rfe1 Bb6 21. Nxa8 Bxa8 22. Rd6 Bc5 23. Rd3 Bc6 24. b4 Ba7 25. Ra3 e2 26.
Rb3 Bf2 27. Rbb1 Bd5 28. a3 Bc4 29. g4 Rd8 30. Kg2 Bxe1 31. Rxe1 Rd1 32. Kf2
Kf7 33. h4 Ke6 34. f4 Kd5 35. c3 Ke4 36. f5 Kd3 37. Rxe2 Rd2 38. Rxd2+ Kxd2
39. Kf3 Kxc3 40. g5 Kb3 41. h5 Kxa3 42. Ke4 Kb3 43. Ke5 Kxb4 44. f6 gxf6+
45. Kxf6 Bd3 46. Kg7 a5 47. g6 hxg6 48. hxg6 Bxg6 49. Kxg6 a4 50. Kf6 a3 51.
Kg6 a2 52. Kf5 a1=Q 53. Ke6 Qd4 54. Kf5 Kc3 55. Ke6 b4 56. Kf5 b3 57. Ke6 b2
58. Kf7 b1=Q 59. Ke6 Qbe4+ 60. Kf7 Qd7+ 61. Kf6 Qef5# {White checkmated} 0-1

[Event "ICC tourney 2022 (75 10)"]
[Site "Internet Chess Club"]
[Date "2020.09.27"]
[Round "6"]
[White "cdj12417489"]
[Black "ruitang"]
[Result "0-1"]
[ICCResult "White resigns"]
[WhiteElo "1296"]
[BlackElo "1662"]
[Opening "Scotch game"]
[ECO "C45"]
[NIC "SO.05"]
[Time "20:05:33"]
[TimeControl "4500+10"]

1. e4 e5 2. Nf3 Nc6 3. d4 exd4 4. Nxd4 Bc5 5. Be3 Qf6 6. c3 Nge7 7. Be2 O-O
8. O-O Bb6 9. Qd3 d6 10. Nd2 Bd7 11. Nc4 Ne5 12. Nxe5 dxe5 13. Nf3 Rfd8 14.
Bxb6 axb6 15. Rfd1 Ng6 16. Qc4 Qc6 17. Ng5 Rf8 18. Nf3 Ra4 19. b4 Be6 20.
Qxc6 bxc6 21. a3 f6 22. c4 Rfa8 23. Ng5 fxg5 24. Bd3 Rxa3 25. Rxa3 Rxa3 26.
c5 Nf4 27. Bf1 Kf7 28. g3 Ng6 29. b5 cxb5 30. cxb6 cxb6 31. Bxb5 Rb3 32. Bc6
Ne7 33. Bd5 Nxd5 34. exd5 Bd7 35. Kg2 b5 36. Kf1 b4 37. Ke2 Bg4+ 38. Kd2
Bxd1 39. Kxd1 Rd3+ 40. Kc2 Rxd5 41. Kb3 Rd4 {White resigns} 0-1

[Event "ICC tourney 2022 (75 10)"]
[Site "Internet Chess Club"]
[Date "2020.09.27"]
[Round "6"]
[White "Nikhilp"]
[Black "Vish1080"]
[Result "0-1"]
[ICCResult "White resigns"]
[WhiteElo "1805"]
[BlackElo "1746"]
[Opening "Sicilian: Taimanov variation"]
[ECO "B45"]
[NIC "SI.31"]
[Time "20:04:48"]
[TimeControl "4500+10"]

1. e4 c5 2. Nf3 Nc6 3. Nc3 e6 4. d4 cxd4 5. Nxd4 Bc5 6. Nb3 Bb6 7. Bf4 Qf6
8. Bg3 Nge7 9. Be2 O-O 10. O-O Ng6 11. Kh1 Nf4 12. Bf3 Ne5 13. Be2 Rd8 14.
Qd2 Neg6 15. Bf3 d6 16. Rad1 Bd7 17. Rfe1 Bc6 18. Qc1 h5 19. h4 e5 20. Ne2
Nxh4 21. Nxf4 exf4 22. Qxf4 Qxf4 23. Bxf4 Nxf3 24. gxf3 d5 25. exd5 Bxd5 26.
Kg2 Bxb3 27. axb3 Rxd1 28. Rxd1 Rd8 29. Rxd8+ Bxd8 30. Be3 Bb6 31. Bxb6 axb6
32. c4 Kf8 33. Kh3 Ke7 34. Kh4 g6 35. b4 Kd6 36. f4 Ke6 37. b5 Kf5 38. b4
Kxf4 39. c5 Ke5 40. c6 Kd6 41. cxb7 Kc7 42. f4 Kxb7 43. Kg5 Kc7 44. f5 Kd6
45. Kf4 Kd5 46. Kg5 Kc4 47. f6 Kxb4 48. Kh6 h4 49. Kg7 h3 50. Kxf7 h2 51.
Kxg6 h1=Q 52. f7 Qh8 53. Kf5 Qf8 54. Ke6 Kxb5 55. Kf6 Kc5 {White resigns}
0-1

[Event "ICC tourney 2022 (75 10)"]
[Site "Internet Chess Club"]
[Date "2020.09.27"]
[Round "6"]
[White "Eagle2020"]
[Black "pika0008"]
[Result "0-1"]
[ICCResult "White checkmated"]
[WhiteElo "1539"]
[BlackElo "1621"]
[Opening "Sicilian: Alapin's variation (2.c3)"]
[ECO "B22"]
[NIC "SI.47"]
[Time "20:04:49"]
[TimeControl "4500+10"]

1. e4 c5 2. c3 Nf6 3. e5 Nd5 4. d4 cxd4 5. Nf3 e6 6. cxd4 Be7 7. Nc3 Nxc3 8.
bxc3 Qc7 9. Qc2 Nc6 10. Bd3 d6 11. Bf4 h6 12. exd6 Bxd6 13. Bxd6 Qxd6 14.
O-O b6 15. Rfe1 O-O 16. Ne5 Bb7 17. Re3 Nxe5 18. Rxe5 Rac8 19. Qd2 Rc7 20.
Re3 Rfc8 21. Rg3 Kh8 22. Rh3 Rxc3 23. Rxh6+ Kg8 24. Rh4 Qd8 25. Rg4 f5 26.
Rg6 Qxd4 27. Rg3 Rxd3 28. Rxd3 Qxa1+ 29. Qd1 Rc1 30. Rd8+ Kh7 31. h3 Rxd1+
32. Rxd1 Qxd1+ 33. Kh2 Qf1 34. f3 e5 35. a4 e4 36. a5 exf3 37. gxf3 Bxf3 38.
axb6 Qg2# {White checkmated} 0-1

[Event "ICC tourney 2022 (75 10)"]
[Site "Internet Chess Club"]
[Date "2020.09.27"]
[Round "6"]
[White "StevChess01"]
[Black "meghna"]
[Result "1-0"]
[ICCResult "Black resigns"]
[WhiteElo "1917"]
[BlackElo "1907"]
[Opening "Dutch"]
[ECO "A80"]
[NIC "HD.12"]
[Time "20:04:43"]
[TimeControl "4500+10"]

1. d4 f5 2. Nf3 Nf6 3. Bg5 e6 4. e3 Be7 5. c4 O-O 6. Nc3 b6 7. Bd3 Bb7 8.
Qb3 Nc6 9. Qd1 Nb4 10. Bb1 Qe8 11. a3 Nc6 12. b4 h6 13. Bxf6 Bxf6 14. O-O
Ne7 15. e4 g5 16. e5 Bg7 17. Nb5 Qd8 18. Ra2 Ng6 19. g3 g4 20. Ne1 Qg5 21.
Ng2 Bf3 22. Qd2 Qh5 23. Rc1 Qh3 24. Ne1 h5 25. Bd3 Nh4 26. Bf1 Bg2 27. Bxg2
Nxg2 28. Nxg2 f4 29. Nxf4 Rxf4 30. Qxf4 Rf8 31. Qe4 Rf3 32. Qe2 Bh6 33. Rc3
a6 34. Qf1 Qxf1+ 35. Kxf1 axb5 36. Rxf3 gxf3 37. cxb5 Kf7 38. Rc2 Ke7 39.
Rxc7 Bc1 40. Rc3 Bd2 41. Rxf3 d6 42. exd6+ Kxd6 43. Rd3 Bg5 44. f4 Bf6 45.
Ke2 Kd5 46. Ke3 Bg7 47. h3 Bf6 48. g4 hxg4 49. hxg4 Bh8 50. f5 exf5 51. gxf5
Bf6 52. Kf4 Kc4 53. Rd1 Kd5 54. a4 Be7 55. a5 {Black resigns} 1-0

[Event "ICC tourney 2022 (75 10)"]
[Site "Internet Chess Club"]
[Date "2020.09.27"]
[Round "6"]
[White "canary2016"]
[Black "sujashankar"]
[Result "1-0"]
[ICCResult "Black checkmated"]
[WhiteElo "2012"]
[BlackElo "1743"]
[Opening "Queen's pawn: London system"]
[ECO "A45"]
[NIC "QP.07"]
[Time "20:04:47"]
[TimeControl "4500+10"]

1. d4 Nf6 2. Bf4 d5 3. e3 c5 4. c3 Bf5 5. Bd3 Bxd3 6. Qxd3 e6 7. Nf3 Be7 8.
dxc5 Bxc5 9. Qb5+ Nbd7 10. Qxb7 O-O 11. Qb3 Nb6 12. Nbd2 Bd6 13. Bg5 e5 14.
O-O e4 15. Nd4 Bxh2+ 16. Kh1 Bd6 17. f3 exf3 18. Rxf3 Be7 19. Nc6 Qd6 20.
Nxe7+ Qxe7 21. Bxf6 gxf6 22. Qc2 Qe5 23. Rh3 f5 24. Rf1 Qe6 25. Rxf5 Qg6 26.
Rg5 Rae8 27. Rxg6+ fxg6 28. Qd3 Rf5 29. Nf3 Ref8 30. Qd4 Nd7 31. Qxa7 Nf6
32. g4 Rxf3 33. Rxf3 h6 34. Qb6 Kg7 35. Qd4 Rf7 36. a4 Rf8 37. a5 Rf7 38. a6
Rf8 39. a7 Ra8 40. Qxf6+ Kh7 41. Qf7+ Kh8 42. Qf8+ Rxf8 43. Rxf8+ Kh7 44.
a8=Q d4 45. Rh8+ Kg7 46. Qf8# {Black checkmated} 1-0

[Event "ICC tourney 2022 (75 10)"]
[Site "Internet Chess Club"]
[Date "2020.09.27"]
[Round "6"]
[White "PearsonH"]
[Black "Roger436"]
[Result "1-0"]
[ICCResult "Black resigns"]
[WhiteElo "1792"]
[BlackElo "1640"]
[Opening "Queen's pawn: London system"]
[ECO "A45"]
[NIC "QP.07"]
[Time "20:04:53"]
[TimeControl "4500+10"]

1. d4 Nf6 2. Bf4 g6 3. Nc3 d5 4. e3 Bg7 5. h3 c6 6. Nf3 Nbd7 7. Be2 Qb6 8.
Rb1 O-O 9. O-O Re8 10. Ne5 Nxe5 11. Bxe5 Nd7 12. Bxg7 Kxg7 13. e4 Nf6 14.
exd5 cxd5 15. Bf3 Rd8 16. Re1 Qc7 17. Ne2 Bf5 18. Rc1 Qb6 19. Qd2 Qxb2 20.
Ng3 Be6 21. Rb1 Qxa2 22. Rxb7 Rdc8 23. Qb4 Ng8 24. Rxe6 fxe6 25. Rxe7+ Kh8
26. Rxe6 Re8 27. Qe1 Rxe6 28. Qxe6 Qb1+ 29. Kh2 Qb8 30. Qxd5 Qd8 31. Qxa8
Qxd4 32. Bd5 Qg7 33. Ne4 Qe5+ 34. g3 Kg7 35. Qxg8+ Kh6 36. Qf8+ Kh5 37. Nf6+
Kg5 38. h4+ Kf5 39. Nd7+ {Black resigns} 1-0

[Event "ICC tourney 2022 (75 10)"]
[Site "Internet Chess Club"]
[Date "2020.09.27"]
[Round "6"]
[White "Hydracyclops"]
[Black "ChessJayden"]
[Result "1-0"]
[ICCResult "Black checkmated"]
[WhiteElo "1713"]
[BlackElo "1355"]
[Opening "Sicilian: Najdorf"]
[ECO "B90"]
[NIC "SI.14"]
[Time "20:04:44"]
[TimeControl "4500+10"]

1. e4 c5 2. Nf3 d6 3. d4 cxd4 4. Nxd4 Nf6 5. Nc3 a6 6. a4 e5 7. Nf3 Be7 8.
Bc4 O-O 9. O-O Nc6 10. Bg5 Be6 11. Qe2 Rc8 12. Rfd1 Nd4 13. Rxd4 exd4 14.
Bxe6 fxe6 15. Nxd4 Qb6 16. Nb3 h6 17. Be3 Qb4 18. f3 d5 19. exd5 exd5 20.
Rd1 Rfe8 21. Qd2 Rcd8 22. Bd4 Rd7 23. Bxf6 Bxf6 24. Nxd5 Qxd2 25. Rxd2 Red8
26. Nxf6+ gxf6 27. Re2 Rc7 28. Kf2 Kf7 29. a5 Re7 30. Rxe7+ Kxe7 31. Ke3 Rg8
32. g3 Rg5 33. Kd4 Kd6 34. c4 h5 35. f4 Rg4 36. Nc5 Kc6 37. Ne4 f5 38. Nf6
Rg6 39. Nxh5 Kd6 40. b4 Ke6 41. h3 Kd6 42. b5 axb5 43. cxb5 Kc7 44. Ke5 Rh6
45. g4 fxg4 46. hxg4 b6 47. axb6+ Kxb6 48. f5 Kxb5 49. f6 Kc6 50. Ke6 Rg6
51. Ke7 Rxg4 52. f7 Re4+ 53. Kf6 Re3 54. Ng7 Rf3+ 55. Nf5 Rxf5+ 56. Kxf5 Kd7
57. f8=Q Kc6 58. Qd8 Kb5 59. Qc7 Ka4 60. Qb6 Ka3 61. Ke4 Ka4 62. Kd4 Ka3 63.
Kc3 Ka2 64. Qb2# {Black checkmated} 1-0

[Event "ICC tourney 2022 (75 10)"]
[Site "Internet Chess Club"]
[Date "2020.09.27"]
[Round "6"]
[White "ScoutViolet"]
[Black "Theutltl"]
[Result "1/2-1/2"]
[ICCResult "Game drawn by mutual agreement"]
[WhiteElo "1580"]
[BlackElo "1009"]
[Opening "Sicilian: Najdorf, Lipnitzky attack"]
[ECO "B86"]
[NIC "SI.13"]
[Time "20:04:46"]
[TimeControl "4500+10"]

1. e4 c5 2. Nf3 d6 3. d4 cxd4 4. Nxd4 Nf6 5. Nc3 a6 6. Bc4 e6 7. a4 Be7 8.
O-O O-O 9. Be3 Nc6 10. f4 Qc7 11. Bb3 Bd7 12. Qf3 Nxd4 13. Bxd4 b5 14. axb5
axb5 15. Rxa8 Rxa8 16. e5 Bc6 17. Qe2 Nd5 18. Nxb5 Bxb5 19. Qxb5 dxe5 20.
Bxe5 Bd6 21. Bxd5 Qc5+ 22. Qxc5 Bxc5+ 23. Kh1 exd5 24. h3 f6 25. Bc3 d4 26.
Bd2 Ra2 27. Rb1 Kf7 28. g4 g6 29. Kg2 Ke6 30. Kf3 Kd5 31. c3 Ba3 32. Bc1 Bc5
33. Bd2 Ba3 34. bxa3 Rxd2 35. cxd4 Rd3+ 36. Kg2 Rxa3 37. Rb7 h5 38. Rg7 hxg4
39. hxg4 f5 40. Rxg6 fxg4 41. f5 Rf3 42. f6 Ke6 43. f7+ Kxf7 44. Rxg4 Rd3
45. Kf2 Ke6 46. Ke2 Ra3 47. Rg5 Kd6 48. Rh5 Rb3 49. Kd2 Ra3 50. Rh8 Kd7 51.
Rh6 Rg3 52. d5 Rg5 53. Kd3 Rxd5+ 54. Kc4 Rg5 55. Ra6 Rh5
{Game drawn by mutual agreement}
1/2-1/2

[Event "ICC tourney 2022 (75 10)"]
[Site "Internet Chess Club"]
[Date "2020.09.27"]
[Round "6"]
[White "mikoyansuren"]
[Black "IndianTerritory"]
[Result "1/2-1/2"]
[ICCResult "Game drawn by repetition"]
[WhiteElo "1817"]
[BlackElo "1992"]
[Opening "Queen's pawn"]
[ECO "A40"]
[NIC "QO.17"]
[Time "20:04:38"]
[TimeControl "4500+10"]

1. d4 c6 2. Nf3 d5 3. Bf4 Nf6 4. e3 Bf5 5. Bd3 Bxd3 6. Qxd3 e6 7. O-O Nbd7
8. c4 Be7 9. Nc3 O-O 10. Rac1 Qa5 11. Rfd1 Rac8 12. Ne5 Rfd8 13. a3 Nxe5 14.
Bxe5 Nd7 15. Bg3 Bf6 16. b4 dxc4 17. Qxc4 Qf5 18. h3 e5 19. d5 cxd5 20. Qb5
Nb6 21. Nxd5 Nxd5 22. Rxc8 Qxc8 23. Rxd5 Rxd5 24. Qxd5 Qc7 25. Qf3 a6 26.
Kh2 Qe7 27. Qg4 g6 28. h4 h5 29. Qc8+ Kh7 30. Qb8 e4 31. Qf4 Bb2 32. Qb8 b5
33. Kg1 Qe6 34. Kh2 Qa2 35. Qb7 Qe6 36. Qc7 Qa2 37. Qb7 Qe6 38. Qb8 Kg7 39.
Kg1 Bf6 40. Kh2 Qe7 41. Kg1 Bxh4 42. Bxh4 Qxh4 43. Qe5+ Qf6 44. Qxe4 Qb2 45.
g4 h4 46. Kg2 Qf6 47. Qe8 h3+ 48. Kg3 h2 49. Qe4 Qb2 50. Qd5 Kg8 51. Qd8+
Kg7 52. Qd5 a5 53. bxa5 Qxa3 54. Kxh2 Qxa5 55. Qe5+ Kh7 56. Kg1 Qe1+ 57. Kg2
Qe2 58. Qh2+ Kg7 59. Qe5+ Kf8 60. Qh8+ Ke7 61. Qe5+ Kd7 62. Qd5+ Kc8 63.
Qc6+ Kd8 64. Qd6+ Ke8 65. Qe5+ Kd7 66. Qd5+ Ke8 67. Qe5+ Kd7 68. Qd5+
{Game drawn by repetition}
1/2-1/2

[Event "ICC tourney 2022 (75 10)"]
[Site "Internet Chess Club"]
[Date "2020.09.27"]
[Round "6"]
[White "Mapking1"]
[Black "VincentT2008"]
[Result "0-1"]
[ICCResult "White resigns"]
[WhiteElo "1664"]
[BlackElo "1785"]
[Opening "Ruy Lopez: closed, Chigorin defense"]
[ECO "C97"]
[NIC "RL.23"]
[Time "20:04:53"]
[TimeControl "4500+10"]

1. e4 e5 2. Nf3 Nc6 3. Bb5 a6 4. Ba4 Nf6 5. O-O Be7 6. h3 b5 7. Bb3 O-O 8.
Re1 d6 9. c3 Na5 10. Bc2 c5 11. d4 Qc7 12. d5 c4 13. a4 Bd7 14. axb5 axb5
15. Nh2 Nb7 16. Rxa8 Rxa8 17. Na3 Nc5 18. Kh1 Na4 19. f4 exf4 20. Bxa4 Rxa4
21. Bxf4 b4 22. Nc2 bxc3 23. bxc3 Qa5 24. Bd2 Ra2 25. Qc1 Nh5 26. g4 Nf6 27.
Nf3 g6 28. Nfd4 Bf8 29. Nb4 Ra4 30. Kg2 Bg7 31. Bg5 Qb6 32. Nbc2 Ra2 33. Qf4
Ne8 34. Rf1 f6 35. Bh6 g5 36. Bxg5 Ba4 37. Rf2 fxg5 38. Qf7+ Kh8 39. Ne6 h6
40. Nxg7 Nxg7 41. Qf8+ Kh7 42. Rf7 Rxc2+ 43. Kh1 Qb1+ 44. Rf1 Rc1 45. Rxc1
Qxc1+ 46. Kg2 Qd2+ 47. Kf1 Qf4+ {White resigns} 0-1

[Event "ICC tourney 2022 (75 10)"]
[Site "Internet Chess Club"]
[Date "2020.09.27"]
[Round "6"]
[White "TacoCat5"]
[Black "slolla"]
[Result "1/2-1/2"]
[ICCResult "Game drawn by mutual agreement"]
[WhiteElo "1885"]
[BlackElo "1821"]
[Opening "King's Indian: Petrosian system, Stein variation"]
[ECO "E92"]
[NIC "KI.17"]
[Time "20:04:41"]
[TimeControl "4500+10"]

1. d4 Nf6 2. c4 g6 3. Nc3 Bg7 4. e4 d6 5. Nf3 O-O 6. Be2 e5 7. d5 a5 8. O-O
Na6 9. Be3 Ng4 10. Bd2 f5 11. a3 Nc5 12. Bg5 Qe8 13. Nd2 a4 14. Bxg4 fxg4
15. b4 axb3 16. Nxb3 Na4 17. Nb5 Qf7 18. f3 gxf3 19. Rxf3 Qd7 20. Rxf8+ Bxf8
21. Qf3 c6 22. Rf1 Bg7 23. Nxd6 cxd5 24. cxd5 b6 25. Nxc8 Rxc8 26. Rc1 Rxc1+
27. Nxc1 Bf8 28. h3 Nc5 29. Nd3 Qc7 30. Nb4 Nd7 31. Nc6 Qd6 32. Qg4 Nc5 33.
Qc8 Kg7 34. Qe8 Nxe4 35. Be3 Qxd5 36. Nxe5 Bxa3 37. Bf4 Nf6 38. Qa4 Bc5+ 39.
Kh2 Bf8 40. Qa7+ Kg8 41. Qxb6 Nh5 42. Ng4 Qf5 {Game drawn by mutual
agreement} 1/2-1/2

[Event "ICC tourney 2022 (75 10)"]
[Site "Internet Chess Club"]
[Date "2020.09.27"]
[Round "6"]
[White "JunlinTheWorld"]
[Black "tigertiger2019"]
[Result "1/2-1/2"]
[ICCResult "Game drawn by mutual agreement"]
[WhiteElo "1717"]
[BlackElo "1684"]
[Opening "Sicilian: Najdorf, Opocensky variation"]
[ECO "B92"]
[NIC "SI.11"]
[Time "20:05:53"]
[TimeControl "4500+10"]

1. e4 c5 2. Nf3 d6 3. d4 cxd4 4. Nxd4 Nf6 5. Nc3 a6 6. Be2 e5 7. Nb3 Be7 8.
O-O Be6 9. Bg5 O-O 10. Qd2 Nbd7 11. Rad1 Rc8 12. Bxf6 Nxf6 13. Bf3 b5 14. a3
Qc7 15. Be2 Bc4 16. h3 a5 17. Bd3 b4 18. axb4 axb4 19. Na2 Bxd3 20. cxd3 Qc2
21. Qxc2 Rxc2 22. Nxb4 Rxb2 23. Rb1 Rxb1 24. Rxb1 Rb8 25. Nc6 Rb7 26. Nxe7+
Rxe7 27. f3 g6 28. d4 {Game drawn by mutual agreement} 1/2-1/2